Map: Odyssey LE

Players

Dessa - Winner!

  • Race: Zerg Zerg
  • League: Diamond
  • Spawn Location: 11:00

Zortie

  • Race: Zerg Zerg
  • League: Diamond
  • Spawn Location: 5:00

VOD

Have the link to the VOD?

Description

Time

  • Played on: Dec. 17, 2017, 2:42 p.m.
  • Length: 9:39
Show
View Real Time Build Order
Export as new Build Order

Dessa Zerg - Winner!

Build Orders: Pool First, Zergling Baneling 

Get SALT Encoding   

  12  0:01  Drone  
  13  0:09  Drone  
  14  0:24  Drone, Extractor  
  14  0:33  Spawning Pool  
  13  0:36  Drone  
  14  1:06  Hatchery  
  13  1:14  Overlord  
  13  1:20  Drone  
  14  1:30  Metabolic Boost  
  14  1:37  Drone  
  15  1:40  Zergling x2  
  16  1:54  Queen  
  16  2:00  Drone  
  19  2:04  Drone  
  19  2:08  Zergling x2  
  21  2:16  Overlord  
  21  2:21  Zergling x2  
  22  2:32  Baneling Nest  
  21  2:48  Drone  
  21  2:49  Drone x4  
  26  3:05  Zergling x8  
  30  3:12  Zergling x2  
  31  3:22  Baneling x2  
  31  3:23  Zergling x4  
  31  3:26  Zergling x4  
  35  3:31  Baneling x2  
  35  3:33  Zergling x2  
  34  3:52  Zergling x4  
  33  4:01  Zergling x4  
  32  4:11  Zergling x8  
  32  4:15  Zergling x2  
  36  4:22  Baneling x3  
  36  4:23  Baneling x2  
  36  4:26  Overlord  
  36  4:34  Overlord  
  36  4:43  Queen  
  33  4:53  Zergling x6  
  33  4:54  Drone x3  
  39  5:01  Roach Warren  
  39  5:05  Drone x2  
  39  5:06  Drone x2  
  42  5:17  Drone  
  42  5:18  Drone  
  42  5:32  Overlord  
  43  5:35  Drone x2  
  44  5:47  Roach x2  
  48  5:52  Lair  
  48  5:55  Drone x2, Extractor  
  48  5:56  Extractor  
  48  6:04  Overlord  
  48  6:08  Overlord  
  48  6:11  Hatchery  
  48  6:16  Drone x2  
  49  6:19  Drone  
  49  6:20  Drone x2, Evolution Chamber  
  49  6:21  Drone, Evolution Chamber  
  51  6:31  Drone x2  
  53  6:36  Roach x2  
  53  6:37  Roach  
  53  6:38  Overlord  
  59  6:42  Overlord  
  59  6:44  Roach  
  61  6:47  Zerg Ground Armor Level 1  
  61  6:55  Roach x2  
  61  6:56  Roach  
  67  7:05  Drone  
  67  7:06  Drone  
  69  7:11  Drone  
  69  7:12  Drone x2  
  69  7:13  Overlord x2  
  72  7:21  Zerg Missile Weapons Level 1  
  72  7:27  Drone x2  
  72  7:28  Drone x2  
  72  7:29  Roach  
  80  7:30  Roach  
  80  7:35  Queen  
  82  7:41  Overlord  
  82  7:44  Overlord  
  82  8:03  Roach x7  
  82  8:04  Roach x2  
  100  8:06  Ravager x4  
  100  8:07  Ravager  
  105  8:21  Pneumatized Carapace  
  105  8:22  Drone x4  
  105  8:23  Roach  
  105  8:24  Roach  
  113  8:29  Drone  
  113  8:30  Extractor  
  113  8:31  Drone x3  
  113  8:32  Roach  
  115  8:38  Roach x2  
  116  8:42  Roach x3  
  119  8:53  Roach x3  
  119  8:54  Overlord  
  125  9:07  Overlord x2  
  125  9:18  Roach  
  125  9:19  Roach  
  125  9:20  Overlord x2  
Show
View Real Time Build Order
Export as new Build Order

Zortie Zerg 

Build Orders: Hatch First 

Get SALT Encoding   

  12  0:01  Drone  
  13  0:12  Overlord  
  13  0:17  Drone  
  14  0:30  Drone  
  14  0:31  Drone  
  14  0:34  Drone  
  17  0:56  Drone, Hatchery  
  17  1:01  Drone  
  18  1:09  Extractor  
  17  1:16  Spawning Pool  
  17  1:17  Drone  
  17  1:20  Drone  
  18  1:28  Drone  
  19  1:39  Overlord  
  19  1:58  Drone  
  19  2:00  Drone  
  21  2:04  Queen  
  21  2:07  Queen  
  25  2:08  Drone  
  25  2:11  Drone  
  27  2:22  Spine Crawler  
  26  2:27  Zergling x4  
  28  2:30  Spine Crawler  
  28  2:31  Zergling x2  
  28  2:34  Drone  
  28  2:59  Drone x4  
  28  3:04  Queen  
  33  3:20  Zergling x6  
  33  3:23  Overlord x2  
  33  3:24  Overlord  
  35  3:33  Evolution Chamber  
  35  3:34  Drone x2, Evolution Chamber  
  35  3:41  Drone x2  
  37  3:53  Zergling x4  
  37  3:54  Zergling x4  
  33  4:02  Zergling x8  
  37  4:09  Roach Warren  
  31  4:23  Metabolic Boost  
  31  4:29  Queen  
  18  4:54  Roach  
  18  4:55  Roach x6  
  18  4:59  Roach  
  34  5:21  Roach x2  
  36  5:45  Drone x2  
  36  5:46  Drone x2  
  36  5:48  Drone  
  36  5:49  Drone  
  42  6:10  Hatchery  
  41  6:24  Overlord  
  41  6:34  Roach x2  
  41  6:38  Zerg Missile Weapons Level 1  
  45  6:43  Zerg Ground Armor Level 1  
  45  7:16  Queen  
  45  7:19  Overlord x2  
  45  7:22  Queen  
  47  7:24  Drone x2  
  47  7:28  Drone  
  52  7:32  Extractor  
  52  7:34  Drone  
  52  7:35  Drone  
  53  7:39  Drone  
  53  7:42  Drone  
  55  7:46  Drone  
  56  8:22  Roach x7  
  56  8:23  Roach x2  
  74  8:51  Overlord x2  
  74  8:52  Overlord x2  
  74  9:17  Hatchery  
  81  9:24  Drone x8  
Tags
 
Matchup
ZvZ
Race
Zerg
Replay Pack
2017S4
Spawn Locations
Cross Positions
Add a new tag
Caveats
  • Supply blocks, unpowered buildings, or Contaminate may cause inaccurate times.
  • Supply counts are checked every 10 seconds.